 Dungeon Crawl Stone Soup version 0.30-a0-883-g5ad918d77d (webtiles) character file.

Game seed: 4190603381786674777

577 Sanktem7 the Chopper (level 7, -2/61 HPs)
             Began as a Minotaur Fighter on Mar 15, 2023.
             Slain by Pikel
             ... wielding a +2 whip of flaming
              (5 damage)
             ... on level 5 of the Dungeon.
             The game lasted 00:08:11 (3655 turns).

Sanktem7 the Chopper (Minotaur Fighter)             Turns: 3655, Time: 00:08:13

Health: -2/61      AC:  7    Str: 22    XL:     7   Next: 13%
Magic:  6/6        EV:  9    Int:  5    God:
Gold:   184        SH:  5    Dex: 10    Spells: 6/6 levels left

rFire   . . .      SeeInvis .    a - +0 war axe (freeze)
rCold   . . .      Faith    .    c - +0 buckler
rNeg    + . .      Spirit   .    b - +0 scale mail
rPois   .          Reflect  .    (helmet restricted)
rElec   .          Rampage  .    (no cloak)
rCorr   .                        (no gloves)
Will    .....                    (no boots) Stlth
                                 (no amulet)
HPRegen 0.30/turn                n - ring of positive energy
MPRegen 0.10/turn                (no ring)

@: no status effects
A: horns 2, retaliatory headbutt
a: no special abilities


You were on level 5 of the Dungeon.
You visited 1 branch of the dungeon, and saw 5 of its levels.

You collected 184 gold pieces.

Inventory:

Hand Weapons
 a - a +0 war axe of freezing (weapon)
Armour
 b - a +0 scale mail (worn)
 c - a +0 buckler (worn)
Jewellery
 n - a ring of positive energy (left hand)
 p - a ring of wizardry
Wands
 r - a wand of mindburst (15)
Scrolls
 f - 4 scrolls of noise
 g - 2 scrolls of immolation
 h - a scroll of teleportation
 l - 2 scrolls of silence
 q - a scroll of amnesia
Potions
 d - 2 potions of might
 e - a potion of invisibility {unknown}
 j - 2 potions of curing {unknown}
 k - 2 potions of berserk rage
 s - a potion of resistance {unknown}
 t - a potion of heal wounds {unknown}
 u - a potion of brilliance {unknown}


   Skills:
 + Level 5.4 Fighting
 * Level 6.2 Axes
 + Level 5.4 Armour
 + Level 5.4 Shields


You had 6 spell levels left.
You didn't know any spells.
Your spell library contained the following spells:

 Spells                   Type           Power      Damage    Failure   Level
 Dazzling Flash           Conj/Hex       0%         N/A       99%         3
 Agony                    Necr           0%         N/A       100%        5
 Silence                  Hex/Air        0%         N/A       100%        5


Dungeon Overview and Level Annotations

Branches:
Dungeon (5/15)
 Temple: D:4-7

Altars:
Yredelemnul

Annotations:
D:5 Pikel


Innate Abilities, Weirdness & Mutations

You have a pair of horns on your head.
You reflexively headbutt those who attack you in melee.


Message History

That felt strangely unrewarding.
You hit the lemure. You freeze the lemure. You slash the lemure!
You freeze the lemure. The lemure closely misses you.
You block the lemure's attack. The lemure hits you.
The lemure closely misses you. Pikel closely misses you.
You hit Pikel but do no damage. Your headbutt misses Pikel. You hit the lemure.
You freeze the lemure.
You kill the lemure!
That felt strangely unrewarding.
You barely miss the lemure. You hit the dart slug. You freeze the dart slug.
You hear the quick rusting of a distant drain.
The lemure hits you!
Pikel hits you with a +2 whip of flaming!
Pikel burns you. You block the dart slug's attack.
You closely miss Pikel. You hit the dart slug. You freeze the dart slug.
You barely miss the lemure. You block Pikel's attack.
The dart slug barely misses you.
You hit Pikel but do no damage. You closely miss the lemure.
You hit the dart slug. You freeze the dart slug.
You kill the dart slug!
You barely miss the lemure. The lemure hits you.
The lemure hits you but does no damage. You block Pikel's attack.
You barely miss Pikel. You closely miss the lemure. You barely miss the lemure.
The lemure hits you. You block the lemure's attack.
Pikel hits you but does no damage.
Pikel hits you with a +2 whip of flaming.
Pikel burns you. The lemure closely misses you. The lemure hits you!
* * * LOW HITPOINT WARNING * * *
You hit Pikel but do no damage. You hit the lemure. You freeze the lemure.
You completely miss the lemure. The lemure barely misses you.
You furiously retaliate!
You headbutt the lemure. Pikel barely misses you. The lemure hits you.
* * * LOW HITPOINT WARNING * * *
You closely miss Pikel. You slash the lemure! You freeze the lemure.
You kill the lemure!
That felt strangely unrewarding.
You barely miss the lemure. The lemure hits you but does no damage.
Pikel hits you with a +2 whip of flaming!
* * * LOW HITPOINT WARNING * * *
Pikel burns you.
You die...

..## #...#
#.......#. ...#
#...# #......(#.
#..# #...#
#########. ...#
#.$.#
...#############
#
...............##
##.#
.#.############.#
..... ##.# #[..#
##.##...... ####
#...# #..@K......
## #.$.#
#.†.5...... .###
#...# #......#...
...# #...#
#......#####.
...####...#
#.......#...
..........
............
........##
.........#..#
.....[...#
.....###.##>.#
##........ #...##


You could see Pikel and a lemure.

Vanquished Creatures
  Grinder (D:5)
  3 lemures (D:5)
  A hound (D:4)
  2 iguanas
  An orc wizard (D:5)
  Ijyb (D:5)
  8 gnolls (D:5)
  7 adders
  A shadow imp (D:5)
  A worm (D:3)
  2 dart slugs
  4 orcs
  3 ball pythons
  2 bats
  8 endoplasms
  5 giant cockroaches
  7 goblins
  7 hobgoblins
  6 jackals
  11 quokkas
  A frilled lizard (D:2)
  8 kobolds
  4 rats
94 creatures vanquished.

Notes
Turn   | Place    | Note
-------+----------+-------------------------------------------
     0 | D:1      | Sanktem7 the Minotaur Fighter began the quest for the Orb.
     0 | D:1      | Reached XP level 1. HP: 19/19 MP: 0/0
   160 | D:1      | Reached XP level 2. HP: 27/27 MP: 1/1
   425 | D:2      | Reached skill level 3 in Axes
   462 | D:2      | Reached XP level 3. HP: 33/33 MP: 2/2
  1136 | D:3      | Reached XP level 4. HP: 40/40 MP: 3/3
  1343 | D:3      | Reached skill level 4 in Axes
  1447 | D:3      | Found a faded altar of an unknown god.
  1453 | D:3      | Found a basalt altar of Yredelemnul.
  2451 | D:4      | Reached XP level 5. HP: 47/47 MP: 4/4
  3119 | D:5      | Entered Level 5 of the Dungeon
  3234 | D:5      | Reached skill level 5 in Axes
  3249 | D:5      | Noticed Ijyb
  3255 | D:5      | Killed Ijyb
  3256 | D:5      | Reached XP level 6. HP: 38/55 MP: 5/5
  3288 | D:5      | Noticed Grinder
  3297 | D:5      | HP: 1/55 [gnoll/+0 whip (3)]
  3300 | D:5      | Reached skill level 5 in Shields
  3303 | D:5      | Reached skill level 5 in Fighting
  3304 | D:5      | HP: 1/84 [Grinder/nerve-wracking pain (4)]
  3306 | D:5      | Killed Grinder
  3307 | D:5      | Reached skill level 6 in Axes
  3307 | D:5      | Reached skill level 5 in Armour
  3307 | D:5      | Reached XP level 7. HP: 1/61 MP: 6/6
  3644 | D:5      | Noticed Pikel
  3655 | D:5      | HP: 3/61 [Pikel/+2 whip of flaming (11)]
  3655 | D:5      | Slain by Pikel

Illustrated notes

Levels and vault maps discovered:
D:1:      eino_arrival_druids_welcome, layout_rooms
D:2:      layout_loops_ring
D:3:      layout_loops_ring, nicolae_overflow_ecumenical_swirl,
          nrook_loot_triangle
D:4:      layout_basic, minivault_19, roderic_roman_lattice,
          nicolae_figureground_sparkle
D:5:      layout_cave_pools, kennysheep_mini_moat, gup_sewer_entry_spiral,
          serial_co_window_serial, co_window_cross_1,
          co_window_of_opportunity_a, co_window_paths_a, co_window_corner_a,
          co_window_corner_a, co_window_of_opportunity_a,
          co_window_of_opportunity_c, co_window_cross_3,
          co_window_unsneaky_path_b, co_window_unsneaky_path_c,
          co_window_unsneaky_path_c, co_window_paths_d, uniq_ijyb, uniq_pikel,
          uniq_grinder

Skill      XL: |  1  2  3  4  5  6 |
---------------+-------------------+-----
Axes           | 3 4 5 6 |  6.2
Fighting       | 4 5 |  5.4
Armour         | 4 5 |  5.4
Shields        | 4 5 |  5.4

Action                     |  1- 3 |  4- 6 |  7- 9 || total
---------------------------+-------+-------+-------++-------
  Melee: War axe           |    63 |   125 |    18 ||   206
         Headbutt          |     7 |    17 |     2 ||    26
    Use: Scroll            |       |     9 |       ||     9
         Potion            |       |     1 |       ||     1
 Armour: Scale mail        |    32 |    55 |     7 ||    94
  Dodge: Dodged            |    23 |    61 |    12 ||    96
  Block: Buckler           |    13 |    27 |     8 ||    48

Table legend: (Time is in decaauts)
 A = Elapsed time spent in this place.
 B = Non-inter-level travel time spent in this place.
 C = Inter-level travel time spent in this place.
 D = Time resting spent in this place.
 E = Time spent auto-exploring this place.
 F = Levels seen in this place.
 G = Mean time per level.
                   A        B        C        D        E       F      G
               +--------+--------+--------+--------+--------+-----+--------+
         Total |   3732 |   3646 |     86 |    375 |   2395 |   5 |  746.4 |
       Dungeon |   3732 |   3646 |     86 |    375 |   2395 |   5 |  746.4 |
               +--------+--------+--------+--------+--------+-----+--------+

Top non-repeatable levels by time:
     D:4: 1192 daAuts
     D:3: 838 daAuts
     D:2: 758 daAuts
     D:5: 562 daAuts
     D:1: 380 daAuts
